 Dungeon Crawl Stone Soup version 0.24.0-123-gd5b16e6ec5 (webtiles) character file.

Game seed: 13361613692019573142, levelgen mode: deterministic

0 glosham the Skirmisher (level 1, 0/18 HPs)
             Began as a Mummy Abyssal Knight on Dec 30, 2019.
             Was a Follower of Lugonu.
             Slain by a quasit (1 damage)
             ... on level 1 of the Abyss.
             The game lasted 00:01:44 (80 turns).

glosham the Skirmisher (Mummy Abyssal Knight)         Turns: 80, Time: 00:01:44

Health: 0/18       AC:  3    Str: 15      XL:     1   Next: 0%
Magic:  2/2        EV: 11    Int: 11      God:    Lugonu [*.....]
Gold:   14         SH:  0    Dex:  6 (11) Spells: 0/0 levels left

rFire    x . .     SeeInvis .   a - +1 hand axe
rCold    + . .     Gourm    .   (no shield)
rNeg     + + +     Faith    .   b - +0 leather armour
rPois    ∞         Spirit   .   (no helmet)
rElec    .         Reflect  .   (no cloak)
rCorr    .         Harm     .   (no gloves)
MR       .....                  (no boots)
Stlth    +.........             (no amulet)
HPRegen  0.06/turn              (no ring)
MPRegen  0.08/turn              (no ring)

@: no status effects
A: no food or potions, fire vulnerability, cold resistance 1, negative energy
resistance 3, torment resistance, unbreathing
a: Depart the Abyss, Renounce Religion


You were on level 1 of the Abyss.
You worshipped Lugonu.
Lugonu was aware of your devotion.
You were not hungry.

You visited 0 branches of the dungeon, and saw 0 of its levels.
You visited the Abyss 1 time.

You collected 14 gold pieces.

Inventory:

Hand Weapons
 a - a +1 hand axe (weapon)
Missiles
 d - 28 bolts
Armour
 b - a +0 leather armour (worn)
Scrolls
 c - a scroll of identify {unknown}


   Skills:
 - Level 3.0 Fighting
 * Level 1.5 Axes
 - Level 1.5 Armour
 - Level 0.7 Dodging
 - Level 1.5 Invocations


You couldn't memorise any spells.
You didn't know any spells.
Your spell library was empty.

Dungeon Overview and Level Annotations

Branches:
Dungeon (0/15)

Altars:


Innate Abilities, Weirdness & Mutations

You do not eat or drink.
Your flesh is vulnerable to fire.
You are immune to poison.
Your flesh is cold resistant. (rC+)
You are immune to negative energy. (rN+++)
You are immune to unholy pain and torment.
You can survive without breathing.


Message History

The quasit claws you.
The quasit claws you but does no damage.
You closely miss the quasit. The quasit misses you.
The quasit closely misses you.
The quasit claws you but does no damage.
You hit the quasit but do no damage. The quasit misses you.
The quasit claws you but does no damage. x2
The quasit barely misses you. The quasit closely misses you.
The quasit claws you but does no damage.
You hit the quasit.
The quasit is moderately wounded.
The quasit barely misses you. The quasit closely misses you.
The quasit misses you. The quasit barely misses you. The quasit claws you.
You feel clumsy. The quasit barely misses you.
You closely miss the quasit.
The quasit is moderately wounded.
The quasit misses you. The quasit closely misses you.
The quasit barely misses you.
You closely miss the quasit.
The quasit is moderately wounded.
The quasit barely misses you.
The quasit claws you but does no damage. x2
The quasit bites you.
* * * LOW HITPOINT WARNING * * *
The quasit barely misses you. The quasit misses you.
You hit the quasit.
The quasit is heavily wounded.
The quasit bites you.
* * * LOW HITPOINT WARNING * * *
You feel clumsy. The quasit barely misses you. The quasit claws you.
* * * LOW HITPOINT WARNING * * *
You feel clumsy.
You hit the quasit.
The quasit is heavily wounded.
The quasit bites you.
* * * LOW HITPOINT WARNING * * *
The quasit barely misses you. The quasit claws you.
You die...

. #. . ..# ##.#. .
###.. # # # ## # #..#
.####.. ##.#
#..#...### . .. ..
##..# ##.#. #
###.....#.#.... . ..
##.##......## ... #..
#.........###.......#
#...@###.#.## ##.. #
#.#.#.5.##...# . #
#...##..#..# ###
#.##. .##.# ## #
..#.# ### # #


You could see a quasit.

Vanquished Creatures (others)
  A lurking horror (Abyss:1)
1 creature vanquished.

Notes
Turn   | Place    | Note
-------+----------+-------------------------------------------
     0 | Abyss:1  | glosham the Mummy Abyssal Knight began the quest for the
                  | Orb.
     0 | Abyss:1  | Reached XP level 1. HP: 18/18 MP: 2/2
    56 | Abyss:1  | Noticed a quasit
    67 | Abyss:1  | Noticed a quasit
    80 | Abyss:1  | HP: 1/18 [quasit (2)]
    80 | Abyss:1  | Slain by a quasit

Levels and vault maps discovered:
Abyss:1

Action                   || total
-------------------------++-------
Melee: Hand axe          ||    13
Armor: Leather armour    ||    13
Dodge: Dodged            ||    33

Table legend:
 A = Turns spent in this place as a percentage of turns spent in the entire game.
 B = Non-inter-level travel turns spent in this place as a percentage of non-inter-level travel turns spent in the entire game.
 C = Inter-level travel turns spent in this place as a percentage of turns spent in this place.
 D = Turns resting spent in this place as a percentage of non-inter-level travel turns spent in this place.
 E = Turns spent auto-exploring this place as a percentage of non-inter-level travel turns spent in this place.
 F = Non-inter-level travel turns spent in this place divided by the number of levels of this place that you've seen.
                   A       B       C       D       E      F
               +-------+-------+-------+-------+-------+----------------------
         Total | 100.0 | 100.0 |   0.0 |   0.0 |   0.0 |  80.0
         Abyss | 100.0 | 100.0 |   0.0 |   0.0 |   0.0 |  80.0
               +-------+-------+-------+-------+-------+----------------------

Levels and vault maps discovered:
Abyss:1
